 Dungeon Sprint DCSS version 0.21.1-1-g345015f (webtiles) character file.

0 Psiloshibe the Skirmisher (level 1, 0/28 HPs)
             Began as a Barachi Berserker on June 10, 2018.
             Was a Follower of Trog.
             Succumbed to a worker ant's poison
             ... in the Dungeon (Sprint VI: "Thunderdome").
             The game lasted 00:00:53 (101 turns).

Psiloshibe the Skirmisher (Barachi Berserker)        Turns: 101, Time: 00:00:54

Health: 0/28       AC:  2    Str: 23    XL:     1   Next: 30%
Magic:  1/1        EV: 16    Int: 10    God:    Trog [*.....]
Gold:   65         SH:  0    Dex: 13    Spells: 0/0 levels left

rFire    + . .     SeeInvis .   a - +0 falchion
rCold    + + .     Gourm    +   (no shield)
rNeg     . . .     Faith    .   b - +0 animal skin
rPois    +         Spirit   .   (no helmet)
rElec    .         Reflect  .   (no cloak)
rCorr    .         Harm     .   (no gloves)
MR       ++...     NoTele   +   (no boots)
Stlth    ..........             n - amulet of the Suburbs {Gourm rC++}
HPRegen  0.09/turn              o - ring "Wusishaw" {EV+2 Int+3}
MPRegen  0.07/turn              p - ring "Sommetuh" {rPois rF+ MR++ EV+2 Dex+2}

@: berserking, lethally poisoned (0 -> -8), quick
A: +LOS, swims, slowness 1, strong legs 1
a: Hop, Berserk, Burn Spellbooks, Renounce Religion


You were in the Dungeon.
You worshipped Trog.
Trog was aware of your devotion.
You were not hungry.

You visited 1 branch You collected 200 gold pieces.
You spent 135 gold pieces at shops.

Inventory:

Hand Weapons
 a - a +0 falchion (weapon)
Armour
 b - a +0 animal skin (worn)
Jewellery
 n - the amulet of the Suburbs (around neck) {Gourm rC++}
   (You bought it in a shop in the Dungeon)

   [amulet of the gourmand]

   It allows you to eat raw meat even when not hungry.
   It greatly protects you from cold.
 o - the ring "Wusishaw" (left hand) {EV+2 Int+3}
   (You bought it in a shop in the Dungeon)

   [ring of evasion]

   It affects your evasion (+2).
   It affects your intelligence (+3).
 p - the ring "Sommetuh" (right hand) {rPois rF+ MR++ EV+2 Dex+2}
   (You bought it in a shop in the Dungeon)

   [ring of evasion]

   It affects your evasion (+2).
   It affects your dexterity (+2).
   It protects you from fire.
   It protects you from poison.
   It affects your resistance to hostile enchantments.
Wands
 k - a wand of acid (5)
 l - a wand of iceblast (5)
Scrolls
 i - 4 scrolls of blinking
 m - 3 scrolls of fog
Potions
 d - a potion of curing
 e - 4 potions of heal wounds
 f - 4 potions of haste
 g - 2 potions of magic
 h - a potion of berserk rage
 j - a potion of resistance
Comestibles
 c - a ration


   Skills:
 + Level 4.1 Fighting
 + Level 4.1 Long Blades
 + Level 2.6 Armour
 + Level 2.3 Dodging


You couldn't memorise any spells.
You didn't know any spells.

Dungeon Overview and Level Annotations

Branches:
Dungeon (1/1)

Altars:
Cheibriados
Dithmenos
Fedhas
Gozag
Kikubaaqudgha
Makhleb
Okawaru
Qazlal
Ru
Sif Muna
Trog
Uskayaw
Vehumet
Wu Jian
Xom
Yredelemnul
Zin
The Shining One
Beogh
Jiyva
Lugonu

Shops:
D *[%??*?*:[((!!!!


Innate Abilities, Weirdness & Mutations

Shadows flee at your approach. (+LOS)
You can swim through water.
You cover ground slowly.
You can hop short distances.


Message History

You barely miss the worker ant.
The worker ant is lightly wounded.
You feel sick. The worker ant completely misses you.
You hit the worker ant.
The worker ant is moderately wounded.
The worker ant bites you.
* * * LOW HITPOINT WARNING * * *
You are lethally poisoned!
The worker ant poisons you!
You closely miss the worker ant.
The worker ant is moderately wounded.
* * * LOW HITPOINT WARNING * * *
You feel sick. The worker ant barely misses you.
You barely miss the worker ant.
The worker ant is moderately wounded.
The worker ant bites you.
* * * LOW HITPOINT WARNING * * *
You barely miss the worker ant.
The worker ant is moderately wounded.
You die...

#∩.......∩# #_......._#
#_........# #........_#
###.........###
#⌠...........⌠#
######.8.........8.######
##∩___....÷.###......___∩#
###∩.......@8.# #.8........∩
#.........a...###...........
#⌠..........###...###........
#⌠..........# #.<.# #........
#⌠..........###...###........
##.............###...........
###∩........8.# #.8........∩
##∩___......###......___∩#
######.8.........8.######


You could see a worker ant.

Vanquished Creatures
  A jackal (D)
  A frilled lizard (D)
2 creatures vanquished.

Notes
Turn   | Place    | Note
-------+----------+-------------------------------------------
     0 | D        | Psiloshibe the Barachi Berserker began the quest for the Orb.
     0 | D        | Reached XP level 1. HP: 18/18 MP: 1/1
     0 | D        | Found a stormy altar of Qazlal.
     0 | D        | Found a glowing silver altar of Zin.
     3 | D        | Found a blossoming altar of Fedhas.
     4 | D        | Found a snail-covered altar of Cheibriados.
     4 | D        | Found a burning altar of Makhleb.
     4 | D        | Found a bloodstained altar of Trog.
     5 | D        | Found an ornate altar of the Wu Jian Council.
     5 | D        | Found a sacrificial altar of Ru.
     5 | D        | Round 1.
     6 | D        | Found Bineepa's Delicious Food.
     6 | D        | Found a basalt altar of Yredelemnul.
     6 | D        | Found Qovimm's Identification Station.
     6 | D        | Found an iron altar of Okawaru.
     7 | D        | Found Gifraonner's Jewellery.
     7 | D        | Found Leeress's Advanced Armour.
     7 | D        | Found a roughly hewn altar of Beogh.
     7 | D        | Found a corrupted altar of Lugonu.
    17 | D        | Bought a smoking silver amulet for 45 gold pieces
    17 | D        | Bought a slimy tin ring for 45 gold pieces
    17 | D        | Bought a heavily runed turquoise ring for 45 gold pieces
    17 | D        | Identified the amulet of the Suburbs {Gourm rC++} (You bought it in a shop in the Dungeon)
    18 | D        | Identified the ring "Wusishaw" {EV+2 Int+3} (You bought it in a shop in the Dungeon)
    19 | D        | Identified the ring "Sommetuh" {rPois rF+ MR++ EV+2 Dex+2} (You bought it in a shop in the Dungeon)
    29 | D        | Found Exzecw's Magic Scroll Shop.
    30 | D        | Found Buoprose's Staff Store.
    31 | D        | Found Dolixoz's Magic Scroll Shop.
    31 | D        | Found Nugicle's Must-Have Magic.
    36 | D        | Found a viscous altar of Jiyva.
    37 | D        | Found a deep blue altar of Sif Muna.
    38 | D        | Found an ancient bone altar of Kikubaaqudgha.
    39 | D        | Found Kewarghat's Distillery.
    40 | D        | Found Hyleeho's Distillery.
    40 | D        | Found Taarrath's Bottled Wisdom.
    41 | D        | Found a radiant altar of Vehumet.
    41 | D        | Found a shimmering altar of Xom.
    41 | D        | Found an opulent altar of Gozag.
    41 | D        | Found Ziegiff's Do-It-Yourself Clinic.
    47 | D        | Found a shadowy altar of Dithmenos.
    48 | D        | Found a glowing golden altar of the Shining One.
    49 | D        | Found Ethaif Ybig's Weapon Rack.
    54 | D        | Found a hide-covered altar of Uskayaw.
    54 | D        | Found Yrphol's Premium Goods.
    55 | D        | Found Kotixaof's Basic Armour.
    55 | D        | Found Cusish's Miscellaneous Merchandise.
    87 | D        | Noticed a worker ant
   100 | D        | HP: 1/28 [worker ant (6)]
   101 | D        | Succumbed to a worker ant's poison

Skill      XL: |  1 |
---------------+----+-----
Fighting       | 4 |  4.1
Long Blades    | 4 |  4.1
Armour         | |  2.6
Dodging        | |  2.3

Action                   || total
-------------------------++-------
Melee: Falchion          ||    14
Invok: Berserk           ||     1
  Eat: Chunk             ||     2
Armor: Animal skin       ||     1
Dodge: Dodged            ||    12
       Rpst.: Falchion   ||     1
